 Dungeon Crawl Stone Soup version 0.30.1-4-g462c640d31 (webtiles) character file.

Game seed: 11851972367406932542

130 Wiggles the Chopper (level 4, -5/41 HPs)
             Began as a Minotaur Berserker on Sept 4, 2023.
             Was a Believer of Trog.
             Killed by divine providence
             ... invoked by an orc priest
              (15 damage)
             ... on level 3 of the Dungeon.
             The game lasted 00:02:54 (2211 turns).

Wiggles the Chopper (Minotaur Berserker)            Turns: 2211, Time: 00:02:55

Health: -5/41      AC: 11    Str: 23    XL:     4   Next: 90%
Magic:  3/3        EV:  6    Int:  4    God:    Trog [**....]
Gold:   100        SH:  3    Dex: 10    Spells: 3/3 levels left

rFire   . . .        a - +0 hand axe
rCold   . . .        j - +0 buckler
rNeg    . . .        g - +0 plate armour
rPois   .            (helmet restricted)
rElec   .            (no cloak)
rCorr   .            (no gloves)
SInv    .            (no boots)
Will    .....        (no amulet) Stlth
                     (no ring)
HPRegen 0.26/turn    (no ring)
MPRegen 0.08/turn

%: no passive effects
@: on berserk cooldown, slowed, very slow
A: horns 2, retaliatory headbutt
a: Renounce Religion, Berserk, Trog's Hand


You were on level 3 of the Dungeon.
You worshipped Trog.
Trog was pleased with you.
You visited 1 branch of the dungeon, and saw 3 of its levels.

You collected 100 gold pieces.

Inventory:

Hand Weapons
 a - a +0 hand axe (weapon)
Armour
 g - a +0 plate armour (worn)
 j - a +0 buckler (worn)
Jewellery
 h - a ring of fire
Scrolls
 c - 2 scrolls of teleportation {unknown}
 d - a scroll of fog {unknown}
 e - 3 scrolls of identify {unknown}
 k - a scroll of enchant weapon {unknown}
 l - a scroll of magic mapping {unknown}
 n - a scroll of vulnerability {unknown}
 o - a scroll of amnesia {unknown}
Potions
 b - a potion of attraction {unknown}
 f - a potion of flight {unknown}
 i - 2 potions of resistance {unknown}
 m - a potion of might {unknown}


   Skills:
 + Level 4.7 Fighting
 + Level 5.4 Axes
 + Level 3.2 Armour
 + Level 2.5 Dodging
 + Level 0.1 Stealth
 + Level 0.1 Shields


You had 3 spell levels left.
You didn't know any spells.
Your spell library was empty.

Dungeon Overview and Level Annotations

Branches:
Dungeon (3/15)

Altars:
Ru


Innate Abilities, Weirdness & Mutations

You have a pair of horns on your head.
You reflexively headbutt those who attack you in melee.


Message History

You resist with some effort.
The orc priest hits you but does no damage.
The orc wizard gestures at you while chanting.
You are more confused.
The orc priest barely misses you.
The orc wizard hits you with a +0 dagger.
You're too confused to move!
The orc priest invokes the aid of Beogh against you.
Beogh smites you!
The orc wizard hits you but does no damage.
The orc priest attacks as you move away!
The orc priest hits you but does no damage.
The orc wizard hits you but does no damage.
The orc priest looks satisfied for a moment.
The orc wizard hits you but does no damage.
The orc wizard points at you and mumbles some strange words.
You resist with some effort.
Things that are here:
a +0 trident; 2 boomerangs The orc wizard attacks as you move away!
The orc wizard barely misses you. The orc priest closely misses you.
The orc priest hits you with a +0 club.
* * * LOW HITPOINT WARNING * * *
The orc wizard hits you with a +0 dagger.
* * * LOW HITPOINT WARNING * * *
Items here: ( )) †.
You bump into the rock wall.
You feel less confused.
The orc priest hits you but does no damage.
The orc wizard gestures at you while chanting.
You resist with some effort.
You hit the orc wizard.
The orc wizard is almost dead.
You hit the orc priest. The orc priest hits you with a +0 club.
* * * LOW HITPOINT WARNING * * *
The orc wizard gestures at you while chanting.
You resist with some effort.
The orc priest mumbles some strange prayers to Beogh against you.
Beogh smites you!
You die...

#.# #.##.......###.## #.#
#.######.### #.# #.# #.(...##.#
#.# #.# #.###.##.# ##'## ###.#
#.# #.##.# ##.))## ##...#
#.###.##.###..)).## ##....#
#........##.......#
###...>.#########o..####.........
................@o.....'.........
###....##########...####.........
##.#.## #..## ##.......# ###..#
#.## ##.....## ##.# #.# ##...##
#.# #.# ##+## #.# #.# #.# #.# #
#.# #)#


You could see an orc priest and an orc wizard.

Vanquished Creatures
  An orc priest (D:3)
  A gnoll (D:1)
  An adder (D:2)
  A worm (D:2)
  2 dart slugs (D:2)
  12 orcs (D:3)
  3 ball pythons (D:3)
  3 bats (D:1)
  5 endoplasms
  4 giant cockroaches
  5 goblins
  5 hobgoblins
  4 jackals (D:2)
  A quokka (D:1)
  3 frilled lizards
  2 kobolds
  7 rats
60 creatures vanquished.

Notes
Turn   | Place    | Note
-------+----------+-------------------------------------------
     0 | D:1      | Wiggles the Minotaur Berserker began the quest for the Orb.
     0 | D:1      | Reached XP level 1. HP: 19/19 MP: 0/0
   121 | D:1      | Reached XP level 2. HP: 27/27 MP: 1/1
   171 | D:1      | Reached skill level 4 in Axes
   506 | D:1      | Reached XP level 3. HP: 34/34 MP: 2/2
  1232 | D:2      | Reached ** piety under Trog
  1413 | D:2      | Found a sacrificial altar of Ru.
  1571 | D:3      | Reached skill level 5 in Axes
  1571 | D:3      | Reached XP level 4. HP: 41/41 MP: 3/3
  2211 | D:3      | Killed from afar by an orc priest

Illustrated notes

Levels and vault maps discovered:
D:1:      dpeg_arrival_subterranean_lakeside_camping, layout_basic, minivault_14
D:2:      layout_loops_ring, basic_altar, amethyst_killhole,
          nicolae_concentric_dashed_squares_mild, chequers_serial_rivers_small_3
D:3:      layout_loops_corners, kennysheep_cross_bottleneck,
          kennysheep_generic_room_11

Skill      XL: |  1  2  3 |
---------------+----------+-----
Axes           | 4 5 |  5.4
Fighting       | 4 |  4.7
Armour         | 3 |  3.2
Dodging        | |  2.5
Stealth        | |  0.1
Shields        | |  0.1

Action                     |  1- 3 |  4- 6 || total
---------------------------+-------+-------++-------
  Melee: Hand axe          |    86 |    39 ||   125
         Headbutt          |    14 |     5 ||    19
 Invoke: Berserk           |     2 |     2 ||     4
 Armour: Animal skin       |     3 |       ||     3
         Plate armour      |    32 |    29 ||    61
  Dodge: Dodged            |    28 |    14 ||    42
  Block: Buckler           |     4 |     5 ||     9
